 Dungeon Crawl Stone Soup version 0.31-a0-152-g6aa68a64a1 (webtiles) character file.

Game seed: 5124641437213013825

31 qw the Shooter (level 3, -2/31 HPs)
             Began as a Minotaur Hunter on June 10, 2023.
             Slain by a black bear (3 damage)
             ... on level 3 of the Dungeon.
             The game lasted 00:00:23 (1109 turns).

qw the Shooter (Minotaur Hunter)                    Turns: 1109, Time: 00:00:24

Health: -2/31      AC:  5    Str: 15    XL:     3   Next: 7%
Magic:  2/2        EV: 11    Int:  6    God:
Gold:   109        SH:  0    Dex: 15    Spells: 2/2 levels left

rFire   . . .        Y - +0 shortbow
rCold   . . .        (shield currently unavailable)
rNeg    . . .        d - +0 ring mail
rPois   .            (helmet restricted)
rElec   .            (no cloak)
rCorr   .            (no gloves)
SInv    .            (no boots)
Will    .....        (no amulet)
Stlth   +            (no ring)
HPRegen 0.25/turn    (no ring)
MPRegen 0.08/turn

%: no passive effects
@: no status effects
A: horns 2, retaliatory headbutt
a: no special abilities


You were on level 3 of the Dungeon.
You visited 1 branch of the dungeon, and saw 3 of its levels.

You collected 109 gold pieces.


Innate Abilities, Weirdness & Mutations

You have a pair of horns on your head.
You reflexively headbutt those who attack you in melee.


   Skills:
 - Level 3.0 Fighting
 + Level 5.1 Ranged Weapons
 - Level 1.0 Armour
 - Level 2.1 Dodging
 - Level 0.7 Stealth


You had 2 spell levels left.
You didn't know any spells.
Your spell library was empty.

Inventory:

Hand Weapons
 Y - a +0 shortbow (weapon)
Armour
 d - a +0 ring mail (worn)
Jewellery
 c - an amulet of regeneration
Scrolls
 a - a scroll of identify
 g - a scroll of noise {unknown}
Potions
 b - 2 potions of curing {unknown}
 e - a potion of haste
 f - a potion of might {unknown}

Dungeon Overview and Level Annotations

Branches:
Dungeon (3/15)

Altars:


Message History

You shoot an arrow. The arrow barely misses the goblin.
You shoot an arrow. The arrow closely misses the goblin.
You shoot an arrow. The arrow hits the goblin.
The goblin is heavily wounded.
You shoot an arrow. The arrow hits the goblin!
You kill the goblin!
You shoot an arrow. The arrow hits the hobgoblin.
You kill the hobgoblin!
g - a scroll labelled OVIR UKA TEVU A black bear comes into view.
Enter note:
Enter note: You shoot an arrow.
The arrow hits the black bear!
The black bear is moderately wounded.
You shoot an arrow. The arrow hits the black bear!
The black bear is heavily wounded.
You shoot an arrow. The arrow hits the black bear.
The black bear is severely wounded.
You shoot an arrow. The arrow barely misses the black bear.
You shoot an arrow. The arrow hits the black bear.
The black bear is severely wounded.
The black bear closely misses you. The black bear claws you.
The black bear claws you but does no damage.
You shoot an arrow. The arrow hits the black bear.
The black bear is almost dead.
The black bear goes berserk!
You shoot an arrow.
The arrow hits the black bear but does no damage.
The black bear is almost dead.
The black bear bites you! The black bear claws you. x2
The black bear bites you! The black bear claws you. x2
You shoot an arrow.
The arrow closely misses the black bear.
The black bear bites you but does no damage.
The black bear claws you.
The black bear claws you but does no damage.
The black bear closely misses you. You furiously retaliate!
You headbutt the black bear. The black bear barely misses you.
The black bear claws you.
You die...

#.#^............#.....
....
####.#..............>.#...
....
#.............###.##.###..
..#.
###....)..%....##..#.###..
.... #....................
.... #.............##.#.##
.... #...#..##..........#
#.....###........# #...###
#.....@?.# #...#
######.h...# #...
###...... #. ..###. ## .#
.# . ..


You could see a black bear (berserk).

Vanquished Creatures
  A worm (D:2)
  3 ball pythons
  An endoplasm (D:1)
  A giant cockroach (D:1)
  5 goblins
  3 hobgoblins
  3 quokkas
  4 bats
  A frilled lizard (D:2)
  A kobold (D:3)
  A rat (D:2)
24 creatures vanquished.

Notes
Turn   | Place    | Note
-------+----------+-------------------------------------------
     0 | D:1      | qw the Minotaur Hunter began the quest for the Orb.
     0 | D:1      | Reached XP level 1. HP: 18/18 MP: 0/0
     0 | D:1      | 0 ||| qw: Version: 0.2-a-122-gbc61b45
     0 | D:1      | 0 ||| qw: Game counter: 3669
     0 | D:1      | 0 ||| qw: Always use a shield: true
     0 | D:1      | 0 ||| qw: God list: Okawaru
     0 | D:1      | 0 ||| qw: Allow faded altars: false
     0 | D:1      | 0 ||| qw: Do Orc after D:15 true
     0 | D:1      | 0 ||| qw: Do second Lair branch before Depths: true
     0 | D:1      | 0 ||| qw: Lair rune preference: random
     0 | D:1      | 0 ||| qw: Plans: Normal
     0 | D:1      | 0 ||| PLANNING D:1-11
   166 | D:1      | Reached XP level 2. HP: 25/25 MP: 1/1
   233 | D:1      | Reached skill level 5 in Ranged Weapons
   480 | D:1      | 480 ||| READING scroll labelled SUAJUOLOVO.
   481 | D:1      | 481 ||| DROPPING scroll of butterflies.
   559 | D:2      | Reached skill level 3 in Fighting
   597 | D:2      | Found a faded altar of an unknown god.
   915 | D:2      | 915 ||| UPGRADING to +0 ring mail.
   925 | D:2      | 925 ||| DROPPING +0 leather armour.
   926 | D:2      | 926 ||| READING scroll labelled OGOICW BORIG.
   927 | D:2      | 927 ||| DRINKING 2 grey potions.
  1013 | D:3      | Reached skill level 1 in Armour
  1013 | D:3      | Reached XP level 3. HP: 31/31 MP: 2/2
  1101 | D:3      | Noticed a black bear
  1108 | D:3      | HP: 6/31 [black bear (10)]
  1109 | D:3      | HP: 1/31 [black bear (2)]
  1109 | D:3      | Slain by a black bear

Levels and vault maps discovered:
D:1:      nagdon_arrival_zigzag_paths, layout_basic
D:2:      layout_rooms, nicolae_ecumenical_lake_church, minmay_misc_feat_cross,
          hangedman_abyss_or_decor_lesser_grid, nrook_mini_vaults
D:3:      layout_rooms, grunt_temple_overflow_diamond

Skill      XL: |  1  2 |
---------------+-------+-----
Ranged Weapons | 5 |  5.1
Fighting       | 3 |  3.0
Armour         | 1 |  1.0
Dodging        | |  2.1
Stealth        | |  0.7

Action                     || total
---------------------------++-------
   Fire: Shortbow          ||    84
    Use: Scroll            ||     2
         Potion            ||     1
 Armour: Ring mail         ||    10
         Leather armour    ||     2
  Dodge: Dodged            ||    14

Table legend:
 A = Non-vault XP
 B = Vault XP
 C = Vault XP percentage of total XP
 D = Non-vault monster count
 E = Vault monster count
 F = Vault count percentage of total count
                 A         B        C        D         E       F
            +---------+---------+-------+---------+---------+-------
      Total |      45 |       0 |   0.0 |      24 |       0 |   0.0
            +---------+---------+-------+---------+---------+-------
        D:1 |      20 |       0 |   0.0 |      11 |       0 |   0.0
        D:2 |      13 |       0 |   0.0 |       6 |       0 |   0.0
        D:3 |      12 |       0 |   0.0 |       7 |       0 |   0.0
            +---------+---------+-------+---------+---------+-------
